 Dungeon Crawl Stone Soup version 0.19-GnollCrawlA-1-g03664ee (webtiles) character file.

94578 AlphabetPasta the Ducker (level 1, -17/22 HPs)
             Began as a Troll Berserker on Aug 28, 2016.
             Was the Champion of Trog.
             Demolished by an eldritch tentacle (36 damage)
             ... called by the effects of Hell
             ... on level 1 of Tartarus on Aug 29, 2016.
             The game lasted 02:48:33 (34727 turns).

AlphabetPasta the Ducker (Troll Berserker)         Turns: 34727, Time: 02:48:34

Health: -17/22     AC: 16    Str: 24    XL:     1   Next: 0%
Magic:  0/0        EV: 12    Int:  5    God:    Trog [******]
Gold:   9577       SH:  4    Dex: 13    Spells: 0 memorised, 0 levels left

rFire  + + .     SeeInvis +     a - +9 glaive of Gravity {flame, rN++ Dex+4}
rCold  . . .     Gourm    +     F - +1 fire dragon armour of Laocaaqi {*Confuse rF++ rC- MR+++ SInv Stlth+} (curse)
rNeg   + + .     Faith    .     (shield currently unavailable)
rPois  +         Spirit   .     u - +2 hat {MR+}
rElec  +         Dismiss  .     N - +1 cloak of Starlight {rElec rC+ EV+4 Stlth--}
rCorr  .         Reflect  +     (gloves unavailable)
SustAt +         Harm     .     (boots unavailable)
MR     ++++.                    M - +4 amulet of reflection
Stlth  ..........               t - ring of sustain attributes
                                q - ring "Xennazu" {Wiz *Corrode rPois Int+2 Slay+4}

@:
A: unfitting armour, claws 3, fast metabolism 3, gourmand, regeneration 2,
shaggy fur 1, electricity resistance, tough skin 2
a: Berserk, Trog's Hand, Brothers in Arms, Burn Spellbooks, Renounce Religion
}: 5/15 runes: barnacled, slimy, golden, obsidian, gossamer


You were on level 1 of Tartarus.
You worshipped Trog.
Trog was exalted by your worship.
You were completely stuffed.

You visited 14 branches of the dungeon, and saw 60 of its levels.
You also visited: Ice Cave.

You collected 9895 gold pieces.
You spent 318 gold pieces at shops.

Inventory:

Hand Weapons
 a - the +9 glaive of Gravity (weapon) {flame, rN++ Dex+4}
   (You found it on level 1 of the Tomb of the Ancients)

   It has been specially enchanted to burn those struck by it, causing extra
   injury to most foes and up to half again as much damage against particularly
   susceptible opponents.
   Big, fiery blades are also staple armaments of hydra-hunters.
   It affects your dexterity (+4).
   It greatly protects you from negative energy.
 b - a +9 shortbow of flaming
 Y - a +5 glaive of chopping
Missiles
 f - 361 arrows
 y - 5 large rocks (quivered)
Armour
 u - a +2 hat of magic resistance (worn)
 F - the cursed +1 fire dragon armour of Laocaaqi (worn) {*Confuse rF++ rC- MR+++ SInv Stlth+}
   (You found it on level 3 of the Crypt)

   It greatly protects you from fire.
   It makes you vulnerable to cold.
   It affects your resistance to hostile enchantments.
   It lets you see invisible.
   It may confuse you when you take damage.
   It makes you more stealthy.
   It has a curse placed upon it.
 N - the +1 cloak of Starlight (worn) {rElec rC+ EV+4 Stlth--}
   (You found it on level 1 of the Tomb of the Ancients)

   It affects your evasion (+4).
   It protects you from cold.
   It insulates you from electricity.
   It makes you much less stealthy.
Jewellery
 g - an uncursed ring of protection from cold
 q - the ring "Xennazu" (left claw) {Wiz *Corrode rPois Int+2 Slay+4}
   (You found it on level 6 of the Lair of Beasts)

   [ring of wizardry]

   It improves your spell success rate.
   It affects your intelligence (+2).
   It affects your accuracy and damage with ranged weapons and melee attacks
   (+4).
   It protects you from poison.
   It may corrode you when you take damage.
 t - a ring of sustain attributes (right claw)
 v - the ring of Cagup {Ice Int+5}
   (You found it on level 7 of Gehenna)

   [ring of ice]

   It enhances your ice magic.
   It affects your intelligence (+5).
   It makes you vulnerable to fire.
   It protects you from cold.
 I - an uncursed ring of protection from fire
 M - a +4 amulet of reflection (around neck)
 R - the ring "Plog" {Str+4 Stlth+}
   (You found it on level 3 of the Tomb of the Ancients)

   [ring of stealth]

   It affects your strength (+4).
   It makes you more stealthy.
Wands
 l - a wand of disintegration (10/24)
 n - a wand of acid (7/15)
 z - a wand of slowing (34/48)
 E - a wand of lightning (8/15)
 G - a wand of iceblast (0/15)
 K - a wand of disintegration (10/24)
 O - a wand of acid (7/15)
 T - a wand of digging (12/24)
 W - a wand of confusion (27/48)
 Z - a wand of slowing (4/48)
Scrolls
 d - 2 scrolls of summoning
 k - 12 scrolls of identify
 o - 7 scrolls of enchant armour
 r - 26 scrolls of teleportation
 s - 14 scrolls of magic mapping
 w - 2 scrolls of enchant weapon
 x - 7 scrolls of fear
 B - 6 scrolls of blinking
 C - 8 scrolls of recharging
 H - 28 scrolls of remove curse
 J - 2 scrolls of holy word
 S - 6 scrolls of fog
Potions
 e - 3 potions of invisibility
 i - 4 potions of might
 j - 9 potions of agility
 p - 15 potions of curing
 A - a potion of cancellation
 D - 6 potions of heal wounds
 L - 2 potions of resistance
 P - 5 potions of ambrosia
 Q - 2 potions of haste
 U - 6 potions of flight
 X - 5 potions of cure mutation
Comestibles
 c - 22 bread rations
 h - 18 meat rations
 m - 18 royal jellies
 V - 6 chunks of flesh


   Skills:
 + Level 2.4 Fighting
 + Level 2.4 Polearms
 + Level 2.4 Dodging


You couldn't memorise any spells.
You didn't know any spells.

Dungeon Overview and Level Annotations

Branches:
Dungeon (15/15)            Temple (0/1) D:1            Lair (6/6) D:8
 Shoals (4/4) Lair:4       Spider (4/4) Lair:3        Slime (5/5) Lair:6
    Orc (2/2) D:11            Elf (3/3) Orc:2        Vaults (5/5) D:13
  Crypt (3/3) Vaults:3       Tomb (3/3) Crypt:3      Depths (1/5) D:15
   Hell (1/1)                 Dis (0/7) Hell            Geh (7/7) Hell
    Coc (0/7) Hell            Tar (1/7) Hell

Altars:
Ashenzari
Dithmenos
Ru
Trog
Uskayaw
Xom
Beogh
Jiyva

Shops:
D:6 (   D:13 :   Orc:2 [(*%   Elf:3 *   Shoals:2 *   Vaults:2 (

Portals:
Hell: Depths:1
Pandemonium: Depths:1


Innate Abilities, Weirdness & Mutations

You are too large for most types of armour.
You have claws for hands.
Your metabolism is lightning-fast.
You like to eat raw meat.
You heal very quickly.
You are covered in fur. (AC +1)
You have very tough skin. (AC +2)
You are resistant to electric shocks. (rElec)


Message History

a spear of pain; a gnoll corpse You butcher the gnoll corpse.
V - 9 chunks of flesh (gained 2)
You see here a spear of pain.
You see here a flail.
A gnoll comes into view.
The gnoll shouts!
Attack whom?
Press: ? - help, Dir - move target cursor, f - gnoll
Aim: a gnoll You reach to attack!
You slice the gnoll!! You burn the gnoll.
You kill the gnoll!
Trog accepts your kill.
Some of the chunks of flesh in your inventory have rotted away.
A gut-wrenching scream fills the air!
The dungeon shakes, a horrible noise fills the air, and a portal to some otherworldly place is opened!
An eldritch tentacle comes into view.
The eldritch tentacle slaps you. The eldritch tentacle freezes you!!!
Ouch! That really hurt!
You die...

#### ##### #....
#...# .... ##.## ...
#...# #.###..#
#..#...# # #..@..##
.##########
#..w...##.#...#.#...
#...│..#..#.........
#...│.....#.........
#....│....#.........
#..#.*...###......).
#..#...####.......).
#..#......#.........
#.........#.........


You could see an eldritch tentacle.

Vanquished Creatures
  6 gnoll sergeants
  892 gnolls
  The ghost of koboldina the Vandal, a weakling OpHu of Yredelemnul (D:4)
  The ghost of koboldina the Charlatan, a weakling HOAr (Orc:2)
  45 gnoll zombies
  24 gnoll simulacra
  129 gnoll skeletons
  A fungus (Lair:6)
  6 plants (Lair:6)
1105 creatures vanquished.

Vanquished Creatures (collateral kills)
  5 gnoll sergeants (Vaults:5)
  14 gnolls
  4 gnoll zombies (Tomb:3)
  2 gnoll simulacra (Tomb:3)
  8 gnoll skeletons (Tomb:3)
33 creatures vanquished.

Vanquished Creatures (others)
  26 gnolls
  A gnoll skeleton (Tomb:3)
27 creatures vanquished.

Grand Total: 1165 creatures vanquished

Notes
Turn   | Place    | Note
-------+----------+-------------------------------------------
     0 | D:1      | AlphabetPasta the Troll Berserker began the quest for the Orb.
     0 | D:1      | Reached XP level 1. HP: 22/22 MP: 0/0
   386 | D:1      | Found a staircase to the Ecumenical Temple.
  1807 | D:3      | Reached ** piety under Trog
  2345 | D:4      | Found a shimmering altar of Xom.
  2345 | D:4      | Found a shimmering altar of Xom.
  2345 | D:4      | Found a shimmering altar of Xom.
  2355 | D:4      | Found a shimmering altar of Xom.
  2914 | D:4      | Noticed koboldina's ghost (weakling OpHu)
  2942 | D:4      | Killed koboldina's ghost
  3118 | D:5      | Entered Level 5 of the Dungeon
  3314 | D:5      | Found a sacrificial altar of Ru.
  4011 | D:6      | Reached *** piety under Trog
  4042 | D:6      | Found Ukick's Antique Weapon Emporium.
  5175 | D:7      | Found a hide-covered altar of Uskayaw.
  5257 | D:7      | Received a gift from Trog
  5802 | D:8      | Found a shattered altar of Ashenzari.
  5962 | D:8      | Found a staircase to the Lair.
  5971 | D:8      | Reached **** piety under Trog
  6870 | Lair:1   | Entered Level 1 of the Lair of Beasts
  8668 | Lair:3   | Found a hole to the Spider Nest.
  8741 | Spider:1 | Entered Level 1 of the Spider Nest
  8783 | Spider:1 | Found a frozen archway.
  8803 | IceCv    | Entered an ice cave
  8815 | IceCv    | Reached ***** piety under Trog
  9236 | Spider:1 | Got a coiled brass ring
  9241 | Spider:1 | Identified the ring "Attev" {-Tele +Inv EV+5 Int+8 Stlth+} (You found it on level 1 of the Spider Nest)
  9293 | Spider:1 | Received a gift from Trog
  9311 | Spider:1 | Got a steaming demon trident {god gift}
  9315 | Spider:1 | Identified the +1 demon trident of Mourning {drain, rElec Dex+2} (Trog gifted it to you on level 1 of the Spider Nest)
 10907 | Spider:4 | Entered Level 4 of the Spider Nest
 11515 | Spider:4 | Got a gossamer rune of Zot
 12915 | Lair:4   | Found a staircase to the Shoals.
 12924 | Shoals:1 | Entered Level 1 of the Shoals
 13336 | Shoals:1 | Received a gift from Trog
 13775 | Shoals:2 | Found Intiomox's General Store.
 13801 | Shoals:2 | Bought a scroll of identify for 34 gold pieces
 13801 | Shoals:2 | Bought a potion of berserk rage for 85 gold pieces
 14123 | Shoals:2 | Received a gift from Trog
 14696 | Shoals:4 | Entered Level 4 of the Shoals
 14800 | Shoals:4 | Reached ****** piety under Trog
 15400 | Shoals:4 | Received a gift from Trog
 15457 | Shoals:4 | Got a barnacled rune of Zot
 16113 | Lair:6   | Entered Level 6 of the Lair of Beasts
 16254 | Lair:6   | Found a staircase to the Slime Pits.
 17040 | Lair:6   | Got a smoking marble ring
 17046 | Lair:6   | Identified the ring "Xennazu" {Wiz *Corrode rPois Int+2 Slay+4} (You found it on level 6 of the Lair of Beasts)
 17617 | Slime:1  | Entered Level 1 of the Pits of Slime
 17711 | Slime:5  | Entered Level 5 of the Pits of Slime
 17722 | Slime:5  | Received a gift from Trog
 17754 | Slime:5  | Noticed a gnoll sergeant
 17763 | Slime:5  | Killed a gnoll sergeant
 17818 | Slime:5  | Found a viscous altar of Jiyva.
 17953 | Slime:5  | Got a slimy rune of Zot
 18902 | D:10     | Entered Level 10 of the Dungeon
 19829 | D:11     | Found a staircase to the Orcish Mines.
 19839 | Orc:1    | Entered Level 1 of the Orcish Mines
 19891 | Orc:1    | Found a bloodstained altar of Trog.
 20191 | Orc:2    | Entered Level 2 of the Orcish Mines
 20194 | Orc:2    | Noticed koboldina's ghost (weakling HOAr)
 20198 | Orc:2    | Killed koboldina's ghost
 20261 | Orc:2    | Found a staircase to the Elven Halls.
 20271 | Elf:1    | Entered Level 1 of the Elven Halls
 20717 | Elf:3    | Entered Level 3 of the Elven Halls
 20989 | Elf:3    | Found Vyps's General Store.
 21045 | Elf:3    | Received a gift from Trog
 21048 | Elf:3    | Got a transparent shortbow {god gift}
 21049 | Elf:3    | Identified the +1 shortbow of the Viper {venom, rPois} (Trog gifted it to you on level 3 of the Elven Halls)
 21141 | Elf:3    | Got a pitted halberd
 21142 | Elf:3    | Identified the cursed +0 halberd "Ymylusho" {flame, Str+5 Int-3} (You found it on level 3 of the Elven Halls)
 21186 | Elf:3    | Got a pitted pewter ring
 21213 | Elf:3    | Identified the ring "Reacer" {*Corrode rN+ Dex+4 SInv Stlth+} (You found it on level 3 of the Elven Halls)
 21290 | Elf:3    | Got a crude arbalest
 21291 | Elf:3    | Identified the cursed +1 arbalest of Intuition {venom, MR+} (You found it on level 3 of the Elven Halls)
 22089 | Orc:2    | Found Vanud's Antique Armour Emporium.
 22090 | Orc:2    | Found a roughly hewn altar of Beogh.
 22091 | Orc:2    | Found Ysmellet's Antique Weapon Shoppe.
 22104 | Orc:2    | Bought a fabulously ornate robe for 199 gold pieces
 22120 | Orc:2    | Identified the +1 robe of Cowardice {rN+ MR- Int+2} (You bought it in a shop on level 2 of the Orcish Mines)
 22166 | Orc:2    | Found a roughly hewn altar of Beogh.
 22166 | Orc:2    | Found Gerublack's Food Shop.
 22184 | Orc:2    | Found a roughly hewn altar of Beogh.
 22232 | Orc:2    | Found a roughly hewn altar of Beogh.
 22257 | Orc:2    | Found a roughly hewn altar of Beogh.
 22302 | Orc:2    | Found a roughly hewn altar of Beogh.
 22340 | Orc:2    | Found a roughly hewn altar of Beogh.
 22341 | Orc:2    | Found Lopanute's General Store.
 22623 | D:11     | Found a shadowy altar of Dithmenos.
 23474 | D:12     | Received a gift from Trog
 23809 | D:13     | Found Fyfebizo's Book Shop.
 24424 | D:13     | Found a gate to the Vaults.
 24712 | Vaults:1 | Entered Level 1 of the Vaults
 25183 | Vaults:2 | Identified a scroll of acquirement
 25470 | Vaults:2 | Found Koajaeno's Antique Weapon Emporium.
 25840 | Vaults:3 | Received a gift from Trog
 25843 | Vaults:3 | Got a shimmering trident {god gift}
 25844 | Vaults:3 | Identified the +8 trident of the Pyrrhic Victory {venom, rF+} (Trog gifted it to you on level 3 of the Vaults)
 26339 | Vaults:3 | Found a staircase to the Crypt.
 26370 | Crypt:1  | Entered Level 1 of the Crypt
 26783 | Crypt:3  | Entered Level 3 of the Crypt
 26980 | Crypt:3  | Got a blackened fire dragon armour
 26991 | Crypt:3  | Identified the cursed +1 fire dragon armour of Laocaaqi {*Confuse rF++ rC- MR+++ SInv Stlth+} (You found it on level 3 of the Crypt)
 26996 | Crypt:3  | Identified the amulet "Ziew" {Regen+ Str+4} (You found it on level 3 of the Crypt)
 26997 | Crypt:3  | Identified the amulet "Nubelo" {Regen+ Str+5 Stlth+} (You found it on level 3 of the Crypt)
 26998 | Crypt:3  | Identified the ring "Vapheqeb" {+Fly rElec rN+ MR+ Slay-3} (You found it on level 3 of the Crypt)
 27359 | Crypt:3  | Found a staircase to the Tomb.
 27395 | Tomb:1   | Entered Level 1 of the Tomb of the Ancients
 27602 | Tomb:1   | Got a crystal glaive
 27603 | Tomb:1   | Identified the +9 glaive of Gravity {flame, rN++ Dex+4} (You found it on level 1 of the Tomb of the Ancients)
 28137 | Tomb:2   | Got a dazzling trident
 28138 | Tomb:2   | Identified the +7 trident of Teirph {venom, +Inv rPois Int+4} (You found it on level 2 of the Tomb of the Ancients)
 28417 | Tomb:3   | Entered Level 3 of the Tomb of the Ancients
 28648 | Tomb:3   | Got a clouded pewter ring
 28650 | Tomb:3   | Identified the ring "Plog" {Str+4 Stlth+} (You found it on level 3 of the Tomb of the Ancients)
 28656 | Tomb:3   | Got a fine trident
 28657 | Tomb:3   | Identified the +5 trident "Rioc" {flame, Fragile rN++ Dex+4 SInv} (You found it on level 3 of the Tomb of the Ancients)
 29018 | Tomb:3   | Got a golden rune of Zot
 30235 | Vaults:5 | Entered Level 5 of the Vaults
 30235 | Vaults:5 | Noticed a gnoll sergeant
 30235 | Vaults:5 | Noticed a gnoll sergeant
 30235 | Vaults:5 | Noticed a gnoll sergeant
 30235 | Vaults:5 | Noticed a gnoll sergeant
 30235 | Vaults:5 | Noticed a gnoll sergeant
 30235 | Vaults:5 | Noticed a gnoll sergeant
 30235 | Vaults:5 | Noticed a gnoll sergeant
 30235 | Vaults:5 | Noticed a gnoll sergeant
 30235 | Vaults:5 | Noticed a gnoll sergeant
 30235 | Vaults:5 | Noticed a gnoll sergeant
 30239 | Vaults:5 | Killed a gnoll sergeant
 30242 | Vaults:5 | Killed a gnoll sergeant
 30242 | Vaults:5 | Received a gift from Trog
 30243 | Vaults:5 | Killed a gnoll sergeant
 30243 | Vaults:5 | Killed a gnoll sergeant
 30244 | Vaults:5 | Killed a gnoll sergeant
 30245 | Vaults:5 | Killed a gnoll sergeant
 30247 | Vaults:5 | Killed a gnoll sergeant
 30249 | Vaults:5 | Killed a gnoll sergeant
 30249 | Vaults:5 | Killed a gnoll sergeant
 30250 | Vaults:5 | Killed a gnoll sergeant
 30305 | Vaults:5 | Gained mutation: You are resistant to electric shocks. (rElec) [potion of beneficial mutation]
 31376 | D:15     | Entered Level 15 of the Dungeon
 31487 | D:15     | Found a staircase to the Depths.
 31492 | Depths:1 | Entered Level 1 of the Depths
 32038 | Depths:1 | Found a one-way gate leading to the halls of Pandemonium.
 32133 | Depths:1 | Received a gift from Trog
 32473 | Depths:1 | Found a gateway to Hell.
 32477 | Hell     | Entered the Vestibule of Hell
 32534 | Hell     | Found a gateway to the freezing wastes of Cocytus.
 32678 | Hell     | Found a gateway to the Iron City of Dis.
 32725 | Hell     | Found a gateway to the ashen valley of Gehenna.
 32782 | Hell     | Found a gateway to the decaying netherworld of Tartarus.
 32836 | Geh:1    | Entered Level 1 of Gehenna
 32836 | Geh:1    | Found a gateway to Hell.
 33253 | Geh:2    | Found a gateway to Hell.
 33253 | Geh:2    | Found a gateway to Hell.
 33253 | Geh:2    | Found a gateway to Hell.
 33257 | Geh:2    | Received a gift from Trog
 33522 | Geh:3    | Found a gateway to Hell.
 33548 | Geh:4    | Found a gateway to Hell.
 33558 | Geh:4    | Received a gift from Trog
 33666 | Geh:5    | Found a gateway to Hell.
 33779 | Geh:6    | Found a gateway to Hell.
 33782 | Geh:7    | Entered Level 7 of Gehenna
 33782 | Geh:7    | Found a gateway to Hell.
 33782 | Geh:7    | Found a gateway to Hell.
 33782 | Geh:7    | Found a gateway to Hell.
 33782 | Geh:7    | Found a gateway to Hell.
 34095 | Geh:7    | Got a flickering steel ring
 34097 | Geh:7    | Identified the ring of Cagup {Ice Int+5} (You found it on level 7 of Gehenna)
 34183 | Geh:7    | Got a warped longbow
 34184 | Geh:7    | Identified the +7 longbow of Wuecacop {flame, rF++} (You found it on level 7 of Gehenna)
 34351 | Geh:7    | Received a gift from Trog
 34513 | Geh:7    | Got an obsidian rune of Zot
 34665 | Tar:1    | Entered Level 1 of Tartarus
 34665 | Tar:1    | Found a gateway to Hell.
 34725 | Tar:1    | Noticed an eldritch tentacle
 34727 | Tar:1    | Demolished by an eldritch tentacle

Action                   || total
-------------------------++-------
Melee: Halberd           ||   540
       Glaive            ||   486
       Trident           ||    75
       Spear             ||    70
 Fire: Shortbow          ||  1135
Throw: Large rock        ||    46
       Tomahawk          ||    36
       Javelin           ||     5
Invok: Burn Spellbooks   ||    27
       Berserk           ||    21
       Brothers in Arms  ||     3
       Trog's Hand       ||     1
Evoke: Wand              ||    10
  Use: Scroll            ||    60
       Potion            ||    20
 Stab: Sleeping          ||    16
       Invisible         ||     2
       Distracted        ||     1
  Eat: Chunk             ||     6
Armor: Fire dragon armou ||   194
       Animal skin       ||   128
Dodge: Dodged            ||   620
Block: Other             ||   123
